 Dungeon Crawl Stone Soup version 0.30-a0-1176-gcdfb0321a8 (webtiles) character file.

Game seed: 9198511553771272070

1595 Rrauwl the Spear-Bearer (level 8, -4/63 HPs)
             Began as a White Draconian Warper on Apr 30, 2023.
             Was an Initiate of Vehumet.
             Killed from afar by a steam dragon (15 damage)
             ... with a ball of steam
             ... on level 6 of the Dungeon.
             The game lasted 00:22:07 (6814 turns).

Rrauwl the Spear-Bearer (White Draconian Warper)    Turns: 6814, Time: 00:22:08

Health: -4/63      AC:  6    Str: 13    XL:     8   Next: 62%
Magic:  11/11      EV: 13    Int: 21    God:    Vehumet [......]
Gold:   272        SH:  0    Dex: 12    Spells: 8/11 levels left

rFire   . . .        a - +1 spear
rCold   + . .        (no shield)
rNeg    . . .        (body armour unavailable)
rPois   .            (helmet restricted)
rElec   .            (no cloak)
rCorr   .            (no gloves)
SInv    +            (no boots)
Will    .....        (no amulet)
Stlth   +            g - ring of see invisible
HPRegen 0.30/turn    m - +6 ring of intelligence
MPRegen 0.12/turn

%: no passive effects
@: no status effects
A: breathe frost, AC +6, unfitting armour, cold resistance 1, cold-blooded
a: Breathe Frost, Renounce Religion


You were on level 6 of the Dungeon.
You worshipped Vehumet.
Vehumet was noncommittal.
You visited 2 branches of the dungeon, and saw 7 of its levels.

You collected 316 gold pieces.
You spent 44 gold pieces at shops.

Inventory:

Hand Weapons
 a - a +1 spear (weapon)
Missiles
 c - 5 boomerangs of dispersal (quivered)
 j - a throwing net
 y - a boomerang
Armour
 s - a scarf of harm
Jewellery
 g - a ring of see invisible (left hand)
 i - a ring of ice
 k - a ring of resist corrosion
 m - a +6 ring of intelligence (right hand)
Wands
 t - a wand of roots (9)
 u - a wand of mindburst (12)
Scrolls
 b - 4 scrolls of blinking
 f - 3 scrolls of identify
 n - a scroll of fog
 o - a scroll of enchant weapon
 p - a scroll of poison
 r - a scroll of vulnerability
 v - 2 scrolls of immolation
 w - a scroll of fear
 x - a scroll of magic mapping
Potions
 d - 4 potions of flight
 e - 3 potions of mutation
 l - 4 potions of attraction
 q - a potion of brilliance


   Skills:
 - Level 3.0 Fighting
 + Level 9.9 Polearms
 - Level 1.0 Throwing
 - Level 4.0 Dodging
 - Level 2.0 Spellcasting
 - Level 4.0 Translocations


You had 8 spell levels left.
You knew the following spells:

 Your Spells              Type           Power      Damage    Failure   Level
a - Blink                 Tloc           36%        N/A       4%          2
b - Apportation           Tloc           36%        N/A       2%          1

Your spell library contained the following spells:

 Spells                   Type           Power      Damage    Failure   Level
 Lesser Beckoning         Tloc           36%        N/A       4%          2
 Teleport Other           Tloc           18%        N/A       9%          3
 Necrotise                Necr           8%         1d4       14%         1
 Summon Small Mammal      Summ           8%         N/A       14%         1
 Portal Projectile        Hex/Tloc       20%        N/A       19%         3
 Vhi's Electric Charge    Tloc/Air       20%        N/A       19%         3
 Manifold Assault         Tloc           18%        N/A       28%         4
 Tukima's Dance           Hex            2%         N/A       41%         3
 Blade Hands              Tmut           1%         N/A       99%         5


Dungeon Overview and Level Annotations

Branches:
Dungeon (6/15)             Temple (1/1) D:6

Altars:
Ashenzari
Cheibriados
Dithmenos
Elyvilon
Fedhas
Gozag
Hepliaklqana
Kikubaaqudgha
Makhleb
Nemelex Xobeh
Okawaru
Qazlal
Ru
Sif Muna
Trog
Uskayaw
Vehumet
Wu Jian
Xom
Yredelemnul
The Shining One

Shops:
D:2 *

Annotations:
D:3 4 runed translucent doors, Crazy Yiuf; Wizop's ghost, amateur NaIE


Innate Abilities, Weirdness & Mutations

You can breathe waves of freezing cold which knock back foes.
Your icy white scales are hard. (AC +6)
You cannot fit into any form of body armour.
Your flesh is cold resistant. (rC+)
You are cold-blooded and may be slowed by cold attacks.


Message History

The steam dragon is almost dead.
The steam dragon breathes steam at you. The ball of steam hits you!
* * * LOW HITPOINT WARNING * * *
The steam dragon barely misses you. The steam dragon claws you.
* * * LOW HITPOINT WARNING * * *
You hit the steam dragon but do no damage.
Your tail-slap misses the steam dragon.
The steam dragon is almost dead.
You barely miss the steam dragon.
The steam dragon is almost dead.
The steam dragon bites you but does no damage.
The steam dragon completely misses you.
You hit the steam dragon but do no damage.
The steam dragon is almost dead.
You hit the steam dragon.
Your tail-slap misses the steam dragon.
The steam dragon is almost dead.
The steam dragon breathes steam at you. The ball of steam misses you.
You barely miss the steam dragon.
Your tail-slap misses the steam dragon.
The steam dragon is almost dead.
You are engulfed in a cloud of scalding steam.
* * * LOW HITPOINT WARNING * * *
The steam dragon completely misses you. The steam dragon closely misses you.
You hit the steam dragon but do no damage.
Your tail-slap misses the steam dragon.
The steam dragon is almost dead.
You are engulfed in a cloud of scalding steam.
* * * LOW HITPOINT WARNING * * *
You hit the steam dragon.
The steam dragon is almost dead.
You are engulfed in a cloud of scalding steam.
* * * LOW HITPOINT WARNING * * *
The steam dragon barely misses you. The steam dragon closely misses you.
You barely miss the steam dragon.
The steam dragon is almost dead.
You feel better. The steam dragon breathes steam at you.
The ball of steam hits you!
You die...

##....# ###.....#
## #8....... #.
##.....##. #.###
####.....8###
#§#8###8#.....#####
#...$........## #.
#)...........# ##
#§@D.........## #.
###8###8#.....#####
### ####.....8#
##.....###
#8....... ###......
##....# ##8###
####..


You could see a steam dragon (catching breath).

Vanquished Creatures
  Eustachio (D:6)
  A steam dragon (D:6)
  An orc warrior (D:6)
  A black bear (D:5)
  The ghost of Wizop the Chiller, an amateur NaIE (D:4)
  An ogre (D:5)
  A phantom (D:4)
  3 wights
  A jelly (D:3)
  4 orc priests
  A hound (D:5)
  3 iguanas
  3 sleepcaps
  Jessica (D:2)
  Natasha (thrice) (D:2)
  3 orc wizards
  Robin (D:2)
  11 adders
  A shadow imp (D:6)
  A white imp (D:5)
  4 worms
  2 dart slugs (D:1)
  10 orcs
  6 endoplasms
  2 giant cockroaches
  16 goblins
  7 hobgoblins
  4 kobolds
  7 quokkas
  8 ball pythons
  2 bats
  4 frilled lizards
  3 rats
118 creatures vanquished.

Notes
Turn   | Place    | Note
-------+----------+-------------------------------------------
     0 | D:1      | Rrauwl the Draconian Warper began the quest for the Orb.
     0 | D:1      | Reached XP level 1. HP: 17/17 MP: 3/3
    66 | D:1      | Reached skill level 1 in Throwing
   175 | D:1      | Reached XP level 2. HP: 21/25 MP: 5/5
   472 | D:2      | Noticed Robin
   498 | D:2      | Noticed Jessica
   632 | D:1      | Reached XP level 3. HP: 5/30 MP: 6/6
   732 | D:1      | Learned a level 2 spell: Blink
   791 | D:2      | Killed Robin
   796 | D:2      | Killed Jessica
   797 | D:2      | Reached skill level 3 in Polearms
   797 | D:2      | Reached XP level 4. HP: 20/38 MP: 7/7
  1143 | D:2      | Noticed Natasha
  1387 | D:2      | Killed Natasha
  1388 | D:2      | Reached skill level 4 in Polearms
  1405 | D:2      | Noticed Natasha
  1431 | D:2      | Killed Natasha
  1432 | D:2      | Reached XP level 5. HP: 15/45 MP: 8/8
  1452 | D:2      | Noticed Natasha
  1466 | D:2      | Killed Natasha
  1678 | D:2      | Found Behayd's General Store.
  1687 | D:2      | Bought a potion of attraction for 33 gold pieces
  1687 | D:2      | Bought a potion of degeneration for 11 gold pieces
  1905 | D:3      | Reached skill level 5 in Polearms
  1992 | D:3      | Found a faded altar of an unknown god.
  2139 | D:3      | Found a runed translucent gate.
  2140 | D:3      | Found a runed translucent gate.
  2141 | D:3      | Found a runed translucent gate.
  2142 | D:3      | Noticed Wizop's ghost (amateur NaIE)
  2148 | D:3      | Noticed a steam dragon
  2271 | D:3      | Reached XP level 6. HP: 40/51 MP: 9/9
  2487 | D:3      | Found a runed translucent door.
  2488 | D:3      | Noticed Crazy Yiuf
  2599 | D:4      | HP: 1/51 [sleepcap (18)]
  2768 | D:4      | Reached skill level 6 in Polearms
  2887 | D:4      | Found a runed translucent gate.
  2887 | D:4      | Found a runed translucent gate.
  2888 | D:4      | Noticed Wizop's ghost (amateur NaIE)
  2891 | D:4      | Found a runed translucent gate.
  2969 | D:4      | Learned a level 1 spell: Apportation
  3340 | D:5      | Entered Level 5 of the Dungeon
  3360 | D:5      | Reached skill level 7 in Polearms
  3360 | D:5      | Your scales start taking on an icy white colour.
  3360 | D:5      | Reached XP level 7. HP: 20/54 MP: 10/10
  3360 | D:5      | Gained mutation: Your flesh is cold resistant. (rC+) [White
                  | Draconian growth]
  3732 | D:4      | Killed Wizop's ghost
  4018 | D:5      | Reached skill level 8 in Polearms
  4632 | D:5      | Reached XP level 8. HP: 17/63 MP: 11/11
  5055 | D:6      | Noticed Eustachio
  5252 | D:6      | Killed Eustachio
  5498 | D:6      | Found a staircase to the Ecumenical Temple.
  5507 | Temple   | Entered the Ecumenical Temple
  5625 | Temple   | Became a worshipper of Vehumet
  6175 | D:6      | Reached skill level 9 in Polearms
  6810 | D:6      | HP: 3/63 [steam dragon] (2)]
  6812 | D:6      | HP: 1/63 [steam dragon] (1)]
  6814 | D:6      | Killed from afar by a steam dragon

Illustrated notes

Levels and vault maps discovered:
D:1:      reono_arrival_forest_river, layout_rooms, st_stairs_7,
          minmay_pentomino_t2
D:2:      layout_rooms, serial_shops, shop, ebering_dispersal_statue_hall,
          st_stairs_4, minmay_stone_trees_small, uniq_robin, uniq_natasha,
          uniq_jessica
D:3:      layout_rooms, nicolae_ecumenical_snake_handling,
          gammafunk_ghost_split, minmay_unequal, uniq_crazy_yiuf_cottage
D:4:      layout_cave_pools, ebering_ghost_rock_garden
D:5:      black_bear_nest_1, layout_basic, kennysheep_generic_room_9
D:6:      layout_rooms, minmay_temple_entry_ruins, serial_corexii_hall,
          corexii_hall_statues_i, chequers_hall_statues_y, uniq_eustachio
Temple:   compressed_dpeg_circular_temple

Skill      XL: |  1  2  3  4  5  6  7  8 |
---------------+-------------------------+-----
Throwing       | 1 |  1.0
Fighting       | 3 |  3.0
Polearms       | 3 4 5 7 8 9 |  9.9
Dodging        | 3 4 |  4.0
Translocations | 4 |  4.0
Spellcasting   | |  2.0

Action                     |  1- 3 |  4- 6 |  7- 9 || total
---------------------------+-------+-------+-------++-------
  Melee: Spear             |   108 |   340 |   414 ||   862
         Tailslap          |     3 |    48 |    43 ||    94
         Punch             |     1 |     5 |     6 ||    12
  Throw: Boomerang         |       |       |     2 ||     2
    Use: Scroll            |     4 |    11 |     3 ||    18
         Potion            |       |     2 |     6 ||     8
   Stab: Sleeping          |     1 |       |     3 ||     4
 Armour: Skin              |    40 |    69 |    98 ||   207
  Dodge: Dodged            |    73 |   171 |   231 ||   475

Table legend: (Time is in decaauts)
 A = Elapsed time spent in this place.
 B = Non-inter-level travel time spent in this place.
 C = Inter-level travel time spent in this place.
 D = Time resting spent in this place.
 E = Time spent auto-exploring this place.
 F = Levels seen in this place.
 G = Mean time per level.
                   A        B        C        D        E       F      G
               +--------+--------+--------+--------+--------+-----+--------+
         Total |   6666 |   6406 |    260 |    929 |   4024 |   7 |  952.3 |
       Dungeon |   6518 |   6307 |    211 |    929 |   3943 |   6 | 1086.3 |
        Temple |    147 |     98 |     49 |      0 |     81 |   1 |  147.0 |
               +--------+--------+--------+--------+--------+-----+--------+

Top non-repeatable levels by time:
     D:5: 1802 daAuts
     D:1: 1074 daAuts
     D:6: 1048 daAuts
     D:3: 1027 daAuts
     D:2: 795 daAuts
     D:4: 770 daAuts
  Temple: 147 daAuts
